 Dungeon Crawl Stone Soup version 0.31-a0-986-g5e6e4ef867 (webtiles) character file.

Game seed: 1919647301526474643

2018 randomguy2701 the Spear-Bearer (level 9, -2/67 HPs)
             Began as a Gnoll Wanderer on Nov 9, 2023.
             Was an Initiate of Ashenzari.
             Slain by a wyvern (10 damage)
             ... on level 7 of the Dungeon.
             The game lasted 00:10:39 (7193 turns).

randomguy2701 the Spear-Bearer (Gnoll Wanderer)     Turns: 7193, Time: 00:10:39

Health: -2/67      AC: 11    Str: 13    XL:     9   Next: 23%
Magic:  16/16      EV: 10    Int: 11    God:    Ashenzari [......]
Gold:   286        SH:  5    Dex: 15    Spells: 18/18 levels left

rFire   . . .        a - +2 spear
rCold   . . .        (no shield)
rNeg    + . .        c - +0 scale mail
rPois   .            z - +0 helmet
rElec   .            (no cloak)
rCorr   .            y - +0 pair of gloves
SInv    .            m - +0 pair of boots
Will    .....        t - amulet of reflection
Stlth   +            n - ring of positive energy
HPRegen 0.31/turn    (no ring)
MPRegen 0.15/turn

%: reflection
@: no status effects
A: fangs 1, strong nose, distributed training
a: Renounce Religion


You were on level 7 of the Dungeon.
You worshipped Ashenzari.
Ashenzari was noncommittal.
You visited 2 branches of the dungeon, and saw 8 of its levels.

You collected 286 gold pieces.

Inventory:

Hand Weapons
 a - a +2 spear (weapon)
 b - a +0 sling
Armour
 c - a +0 scale mail (worn)
 m - a +0 pair of boots (worn)
 y - a +0 pair of gloves (worn)
 z - a +0 helmet (worn)
Jewellery
 n - a ring of positive energy (left hand)
 t - an amulet of reflection (around neck)
Wands
 r - a wand of polymorph (4)
Scrolls
 d - 2 scrolls of teleportation
 g - 2 scrolls of enchant armour {unknown}
 l - a scroll of amnesia {unknown}
 o - 2 scrolls of revelation {unknown}
 p - a scroll of blinking {unknown}
 s - a scroll of noise {unknown}
 v - a scroll of enchant weapon {unknown}
 w - 2 scrolls of vulnerability {unknown}
 x - a scroll of poison {unknown}
 A - a scroll of fog {unknown}
 D - 3 scrolls of identify
Potions
 e - a potion of attraction {unknown}
 f - 2 potions of heal wounds
 h - 2 potions of curing
 i - 2 potions of might
 j - 2 potions of haste {unknown}
 k - a potion of lignification
 q - 3 potions of degeneration
 u - a potion of cancellation {unknown}
 B - a potion of magic {unknown}
 C - a potion of enlightenment {unknown}
 E - a potion of resistance {unknown}


   Skills:
 + Level 4.9 Fighting
 + Level 4.1 Short Blades
 + Level 4.1 Long Blades
 + Level 4.1 Axes
 + Level 4.1 Maces & Flails
 + Level 9.5 Polearms
 + Level 4.1 Staves
 + Level 6.2 Ranged Weapons
 + Level 4.1 Throwing
 + Level 6.2 Armour
 + Level 4.1 Dodging
 + Level 4.1 Stealth
 + Level 4.1 Shields
 + Level 4.1 Unarmed Combat
 + Level 5.0 Spellcasting
 + Level 3.4 Conjurations
 + Level 3.4 Hexes
 + Level 3.4 Summonings
 + Level 3.4 Necromancy
 + Level 3.4 Translocations
 + Level 3.4 Transmutations
 + Level 3.4 Fire Magic
 + Level 3.4 Ice Magic
 + Level 3.4 Air Magic
 + Level 3.4 Earth Magic
 + Level 3.4 Poison Magic
 + Level 4.5 Invocations
 + Level 4.1 Evocations
 + Level 3.7 Shapeshifting


You had 18 spell levels left.
You didn't know any spells.
Your spell library contained the following spells:

 Spells                   Type           Power      Damage    Failure   Level
 Blink                    Tloc           20%        N/A       30%         2
 Lesser Beckoning         Tloc           20%        N/A       30%         2
 Momentum Strike          Conj/Tloc      20%        3d8       30%         2
 Hailstorm                Conj/Ice       10%        3d5       52%         3
 Stone Arrow              Conj/Erth      20%        3d8       52%         3
 Animate Armour           Summ/Erth      20%        N/A       90%         4
 Brom's Barrelling Bould  Conj/Erth      10%        2d3       90%         4
 Olgreb's Toxic Radiance  Pois           10%        N/A       90%         4
 Summon Ice Beast         Ice/Summ       10%        N/A       90%         4
 Alistair's Intoxication  Tmut/Pois      6%         N/A       99%         5
 Borgnjor's Vile Clutch   Necr/Erth      5%         N/A       99%         5
 Fireball                 Conj/Fire      5%         3d5       99%         5
 Iskenderun's Battlesphe  Conj           10%        2d6       99%         5
 Conjure Ball Lightning   Conj/Air       5%         3x3d6     100%        6
 Eringya's Noxious Bog    Tmut/Pois      5%         4d6       100%        6
 Simulacrum               Ice/Necr       5%         N/A       100%        6
 Orb of Destruction       Conj           5%         9d5       100%        7
 Discord                  Hex            5%         N/A       100%        8
 Ignition                 Fire           5%         3d4       100%        8
 Lehudib's Crystal Spear  Conj/Erth      5%         10d3      100%        8


Dungeon Overview and Level Annotations

Branches:
Dungeon (7/15)             Temple (1/1) D:7

Altars:
Ashenzari
Cheibriados
Dithmenos
Elyvilon
Fedhas
Gozag
Hepliaklqana
Kikubaaqudgha
Makhleb
Nemelex Xobeh
Okawaru
Qazlal
Ru
Sif Muna
Trog
Uskayaw
Vehumet
Wu Jian
Xom
Yredelemnul
Zin
The Shining One

Shops:
D:5 (

Annotations:
D:4 Eustachio


Innate Abilities, Weirdness & Mutations

You have very sharp teeth.
Your uncanny sense of smell can sniff out nearby items.
Your experience applies equally to all skills.


Message History

Found a dagger.
Found 16 gold pieces.
The wyvern hisses angrily.
The wyvern bites you!
You barely miss the wyvern. You punch the wyvern, but do no damage.
You block the wyvern's attack.
You hit the wyvern but do no damage. You barely miss the wyvern.
The wyvern bites you! x2
You hit the wyvern. Your bite misses the wyvern.
The wyvern is lightly wounded.
The wyvern barely misses you.
You hit the wyvern but do no damage.
The wyvern is lightly wounded.
The wyvern bites you!
You are too injured to fight recklessly!
You are too injured to fight recklessly!
You are too injured to fight recklessly!
You are too injured to fight recklessly!
You are too injured to fight recklessly!
You are too injured to fight recklessly!
You are too injured to fight recklessly!
You are too injured to fight recklessly!
You are too injured to fight recklessly!
You are too injured to fight recklessly!
You are too injured to fight recklessly!
You are too injured to fight recklessly!
You hit the wyvern.
The wyvern is lightly wounded.
The wyvern bites you!
* * * LOW HITPOINT WARNING * * *
You hit the wyvern. You bite the wyvern, but do no damage.
The wyvern is lightly wounded.
You hit the wyvern.
The wyvern is moderately wounded.
The wyvern bites you!
* * * LOW HITPOINT WARNING * * *
You barely miss the wyvern.
The wyvern is moderately wounded.
The wyvern bites you!
You die...

#...#. #....###
#...... ≈S #.....
≈≈≈≈~
###..$.###~≈S≈
....)#...#≈≈# ..
#.l.#.⌠.#≈≈#.⌠.
#.@.#...#~≈#..
#....###~..~###
#..............
##............#
#...####.....##
#..### ##.....#
...# ###......##
....####.........##
###
..............##


You could see a wyvern.

Vanquished Creatures
  Prince Ribbit (D:5)
  The ghost of LeprechaunX the Changeling, an amateur OpSh (D:4)
  A water moccasin (D:4)
  A black bear (D:6)
  2 sky beasts (D:7)
  An ogre (D:6)
  A centaur (D:5)
  2 phantoms (D:4)
  A bullfrog (D:6)
  2 scorpions (D:4)
  Dowan (D:5)
  2 howler monkeys (D:5)
  A jelly (D:6)
  An orc priest (D:4)
  A bullfrog skeleton (D:4)
  A centaur skeleton (D:4)
  3 hounds
  A sleepcap (D:4)
  Jessica (D:2)
  5 iguanas
  Ijyb (D:3)
  2 orc wizards (D:6)
  A scorpion zombie (D:4)
  A hound zombie (D:4)
  4 adders
  4 gnolls (D:4)
  A white imp (D:5)
  An adder zombie (D:4)
  6 worms
  5 dart slugs
  17 orcs
  6 ball pythons
  8 endoplasms
  3 goblins
  7 hobgoblins
  6 jackals
  7 quokkas
  5 bats
  4 frilled lizards
  4 kobolds
  4 rats
127 creatures vanquished.

Notes
Turn   | Place    | Note
-------+----------+-------------------------------------------
     0 | D:1      | randomguy2701 the Gnoll Wanderer began the quest for the
                  | Orb.
     0 | D:1      | randomguy2701 set off with the following items: a +2 spear,
                  | a +0 sling, a +0 scale mail, a scroll of teleportation.
     0 | D:1      | Reached XP level 1. HP: 17/17 MP: 4/4
   137 | D:1      | Found a faded altar of an unknown god.
   147 | D:1      | You fall into a shaft and drop 1 floor!
   176 | D:2      | Reached XP level 2. HP: 21/23 MP: 5/5
   474 | D:2      | Reached XP level 3. HP: 28/28 MP: 7/7
   671 | D:2      | Noticed Jessica
   688 | D:2      | Killed Jessica
   689 | D:2      | Reached skill level 1 in Short Blades
   689 | D:2      | Reached skill level 1 in Long Blades
   689 | D:2      | Reached skill level 1 in Axes
   689 | D:2      | Reached skill level 1 in Maces & Flails
   689 | D:2      | Reached skill level 1 in Staves
   689 | D:2      | Reached skill level 1 in Throwing
   689 | D:2      | Reached skill level 1 in Dodging
   689 | D:2      | Reached skill level 1 in Stealth
   689 | D:2      | Reached skill level 1 in Shields
   689 | D:2      | Reached skill level 1 in Unarmed Combat
   689 | D:2      | Reached skill level 1 in Invocations
   689 | D:2      | Reached skill level 1 in Evocations
   889 | D:1      | Reached XP level 4. HP: 34/34 MP: 8/8
   933 | D:1      | Reached skill level 1 in Shapeshifting
  1648 | D:3      | Noticed Ijyb
  1662 | D:3      | Killed Ijyb
  1663 | D:3      | Reached skill level 1 in Conjurations
  1663 | D:3      | Reached skill level 1 in Hexes
  1663 | D:3      | Reached skill level 1 in Summonings
  1663 | D:3      | Reached skill level 1 in Necromancy
  1663 | D:3      | Reached skill level 1 in Translocations
  1663 | D:3      | Reached skill level 1 in Transmutations
  1663 | D:3      | Reached skill level 1 in Fire Magic
  1663 | D:3      | Reached skill level 1 in Ice Magic
  1663 | D:3      | Reached skill level 1 in Air Magic
  1663 | D:3      | Reached skill level 1 in Earth Magic
  1663 | D:3      | Reached skill level 1 in Poison Magic
  2399 | D:3      | Reached XP level 5. HP: 40/40 MP: 9/9
  2552 | D:4      | Reached XP level 6. HP: 24/47 MP: 10/10
  2777 | D:4      | Reached skill level 5 in Ranged Weapons
  2777 | D:4      | Reached skill level 5 in Armour
  2993 | D:4      | Noticed LeprechaunX's ghost (amateur OpSh)
  3057 | D:4      | Found a radiant altar of Vehumet.
  3106 | D:4      | Reached XP level 7. HP: 19/52 MP: 12/12
  3541 | D:4      | Found a runed translucent door.
  3921 | D:4      | Killed LeprechaunX's ghost
  3922 | D:4      | Reached skill level 9 in Polearms
  4152 | D:5      | Entered Level 5 of the Dungeon
  4317 | D:5      | Noticed Eustachio
  4349 | D:4      | Reached XP level 8. HP: 37/60 MP: 14/14
  4704 | D:5      | Noticed Prince Ribbit
  4715 | D:5      | HP: 2/60 [Prince Ribbit (15)]
  4929 | D:5      | Found Vomoinog's Weapon Shop.
  5008 | D:5      | Killed Prince Ribbit
  5238 | D:5      | Identified the +6 long sword "Ethop" {heavy, +Blink rPois
                  | Dex+2}
  5396 | D:5      | Noticed Dowan
  5396 | D:5      | Noticed Duvessa
  5479 | D:5      | Duvessa changed into Duvessa the howler monkey
  5479 | D:5      | Noticed Duvessa
  5487 | D:5      | Killed Duvessa the howler monkey
  5500 | D:5      | Killed Dowan
  6377 | D:6      | Reached XP level 9. HP: 41/66 MP: 16/16
  6815 | D:6      | Reached skill level 5 in Spellcasting
  7016 | D:7      | Found a staircase to the Ecumenical Temple.
  7047 | Temple   | Entered the Ecumenical Temple
  7097 | Temple   | Became a worshipper of Ashenzari the Shackled
  7193 | D:7      | Slain by a wyvern

Illustrated notes

Levels and vault maps discovered:
D:1:      evilmike_arrival_fibonacci_small, layout_basic,
          hellmonk_ecumenical_altar_pennies_from_heaven,
          dreamdust_princess_corridor
D:2:      layout_basic, amcnicky_mini_rare_corridor_liquid,
          kennysheep_jessica_study
D:3:      layout_loops_corners, kennysheep_flooded_box, uniq_ijyb
D:4:      layout_loops_ring, fiery_altar_vehumet, serial_undead,
          serial_undead_d, serial_undead_d, serial_undead_c, serial_undead_f,
          hellmonk_ghost_happy_afterlife, nicolae_wormholes
D:5:      layout_basic, serial_shops, nicolae_lakefront_shop,
          uniq_prince_ribbit1, uniq_eustachio, uniq_duvessa
D:6:      layout_basic, grunt_decor_fettered
D:7:      layout_rooms, minmay_temple_entry_junction_2, serial_demonic,
          serial_demonic_c, serial_demonic_c, serial_demonic_g,
          serial_demonic_b, fountainhead
Temple:   mainiacjoe_temple_archimedes_tessellation

Skill      XL: |  1  2  3  4  5  6  7  8  9 |
---------------+----------------------------+-----
Short Blades   | 1 2 3 4 |  4.1
Long Blades    | 1 2 3 4 |  4.1
Axes           | 1 2 3 4 |  4.1
Maces & Flails | 1 2 3 4 |  4.1
Staves         | 1 2 3 4 |  4.1
Throwing       | 1 2 3 4 |  4.1
Dodging        | 1 2 3 4 |  4.1
Stealth        | 1 2 3 4 |  4.1
Shields        | 1 2 3 4 |  4.1
Unarmed Combat | 1 2 3 4 |  4.1
Invocations    | 1 2 3 4 |  4.5
Evocations     | 1 2 3 4 |  4.1
Shapeshifting  | 1 2 3 |  3.7
Spellcasting   | 3 4 5 |  5.0
Conjurations   | 1 2 3 |  3.4
Hexes          | 1 2 3 |  3.4
Summonings     | 1 2 3 |  3.4
Necromancy     | 1 2 3 |  3.4
Translocations | 1 2 3 |  3.4
Transmutations | 1 2 3 |  3.4
Fire Magic     | 1 2 3 |  3.4
Ice Magic      | 1 2 3 |  3.4
Air Magic      | 1 2 3 |  3.4
Earth Magic    | 1 2 3 |  3.4
Poison Magic   | 1 2 3 |  3.4
Fighting       | 3 4 |  4.9
Ranged Weapons | 5 6 |  6.2
Armour         | 5 6 |  6.2
Polearms       | 9 |  9.5

Action                     |  1- 3 |  4- 6 |  7- 9 || total
---------------------------+-------+-------+-------++-------
  Melee: Spear             |   101 |   257 |   451 ||   809
         Bite              |     8 |    23 |    39 ||    70
         Punch             |     1 |     4 |    18 ||    23
         Unarmed           |       |     6 |       ||     6
   Fire: Sling             |       |       |     9 ||     9
  Evoke: Wand              |       |       |     3 ||     3
    Use: Scroll            |       |       |     6 ||     6
   Stab: Sleeping          |       |       |     1 ||     1
         Distracted        |       |       |     1 ||     1
 Armour: Scale mail        |    41 |    86 |   233 ||   360
         Skin              |       |     2 |       ||     2
  Dodge: Dodged            |    24 |    69 |   121 ||   214
  Block: Other             |       |       |    62 ||    62
         Reflection        |       |       |     3 ||     3

Table legend: (Time is in decaauts)
 A = Elapsed time spent in this place.
 B = Non-inter-level travel time spent in this place.
 C = Inter-level travel time spent in this place.
 D = Time resting spent in this place.
 E = Time spent auto-exploring this place.
 F = Levels seen in this place.
 G = Mean time per level.
                   A        B        C        D        E       F      G
               +--------+--------+--------+--------+--------+-----+--------+
         Total |   6926 |   6591 |    335 |    181 |   5312 |   8 |  865.8 |
       Dungeon |   6855 |   6559 |    296 |    181 |   5282 |   7 |  979.3 |
        Temple |     70 |     31 |     39 |      0 |     30 |   1 |   70.0 |
               +--------+--------+--------+--------+--------+-----+--------+

Top non-repeatable levels by time:
     D:4: 1796 daAuts
     D:5: 1388 daAuts
     D:3: 1089 daAuts
     D:6: 953 daAuts
     D:1: 802 daAuts
     D:2: 726 daAuts
     D:7: 98 daAuts
  Temple: 70 daAuts
